AoeStats
← Thefuture

Arabia

510615764Analyzed
1v1 RM · 18h ago on Oct 1, 2026· 48m 51s· 2 players
Game mode
Random Map
Map size
Tiny (2 player)
Population
200
Speed
Normal
Resources
Standard
Victory
Conquest
Starting age
Dark Age
Ending age
Imperial Age
RankedLock teamsTeams togetherTeam positionsShared explorationLock speedFull tech treeHidden civsTurbo modeCheats
Victory
Defeat
🇦🇷 Persians · Argentina
1210
+16
🇧🇷 Franks · Brazil
1211
-16
Galetheos
6:32 Loom
9:52 Feudal Age
10:25 Double-Bit Axe
15:23 Horse Collar
22:00 Castle Age
20:18 Scale Barding Armor
20:25 Gold Mining
20:48 Bloodlines
22:40 Bow Saw
23:18 Fletching
23:23 Pikeman
26:22 Forging
27:30 Chain Barding Armor
27:20 Squires
28:41 Heavy Plow
32:44 Scale Mail Armor
33:38 Husbandry
35:12 Stone Mining
36:27 Chain Mail Armor
39:02 Gold Shaft Mining
41:26 Imperial Age
41:19 Wheelbarrow
41:34 Iron Casting
40:54 Gambesons
43:15 Halberdier
45:30 Crop Rotation
45:40 Plate Barding Armor
45:33 Conscription
44:58 Heavy Camel Rider
46:41 Blast Furnace
46:39 Stone Shaft Mining
48:21 Plate Mail Armor
Thefuture
4:59 Loom
9:50 Feudal Age
10:27 Double-Bit Axe
22:03 Castle Age
22:12 Gold Mining
22:23 Pikeman
23:04 Squires
25:01 Forging
28:09 Iron Casting
36:58 Imperial Age
35:41 Bow Saw
36:15 Stone Mining
36:55 Scale Mail Armor
37:44 Wheelbarrow
36:54 Town Watch
37:34 Halberdier
38:30 Cavalier
41:00 Husbandry
41:44 Chain Mail Armor
42:29 Blast Furnace
44:02 Hand Cart
44:24 Plate Mail Armor
44:51 Scale Barding Armor
46:03 Chemistry
46:36 Conscription
46:07 Gambesons
47:49 Gold Shaft Mining
Connection lost

Rejoining the realm…

Still unreachable

The connection could not be restored.

Session expired

The server has moved on; the page needs a fresh start.